 Dungeon Crawl Stone Soup version 0.32-a0-683-ge26c5dbc97 (webtiles) character file.

Game seed: 377274708232815922

1558 Jannitor the Trooper (level 8, -13/70 HPs)
             Began as a Purple Draconian Hexslinger on Mar 10, 2024.
             Was a Follower of Beogh.
             Mangled by Menkaure (18 damage)
             ... on level 7 of the Dungeon on Mar 12, 2024.
             The game lasted 00:12:57 (7001 turns).

Jannitor the Trooper (Purple Draconian Hexslinger)  Turns: 7001, Time: 00:12:57

Health: -13/70     AC:  9    Str: 12    XL:     8   Next: 58%
Magic:  9/9        EV: 14    Int: 13    God:    Beogh [*.....]
Gold:   305        SH:  0    Dex: 15    Spells: 9/9 levels left

rFire   . . .        a - +2 sling
rCold   . . .        (no shield)
rNeg    . . .        (body armour unavailable)
rPois   .            (helmet restricted)
rElec   .            j - +2 cloak
rCorr   .            (no gloves)
SInv    .            (no boots)
Will    +....        (no amulet)
Stlth   +            (no ring)
HPRegen 0.31/turn    (no ring)
MPRegen 0.11/turn

%: no passive effects
@: about to teleport
A: nullifying breath, AC +6, unfitting armour, cold-blooded
a: Nullifying Breath, Renounce Religion


You were on level 7 of the Dungeon.
You worshipped Beogh.
Beogh was aware of your devotion.
You visited 1 branch of the dungeon, and saw 7 of its levels.
You also visited: Ossuary.

You collected 305 gold pieces.

Inventory:

Hand Weapons
 a - a +2 sling (weapon)
 l - a +0 short sword
 s - a +0 hand axe of electrocution
Armour
 j - a +2 cloak (worn)
Jewellery
 d - an amulet of faith
 n - an amulet of reflection
Talismans
 i - a maw talisman
Wands
 E - a wand of polymorph (20)
Scrolls
 b - 4 scrolls of poison
 c - 2 scrolls of noise
 f - a scroll of blinking
 h - 7 scrolls of identify
 o - a scroll of brand weapon
 p - a scroll of immolation
 q - 3 scrolls of enchant weapon
 t - 4 scrolls of teleportation
 u - a scroll of amnesia {unknown}
 y - 3 scrolls of fog {unknown}
 C - a scroll of revelation {unknown}
 D - a scroll of enchant armour {unknown}
 F - a scroll of vulnerability {unknown}
 G - a scroll of acquirement {unknown}
Potions
 e - a potion of magic {unknown}
 g - a potion of attraction {unknown}
 k - 2 potions of degeneration
 r - a potion of haste
 v - 3 potions of brilliance {unknown}
 w - 2 potions of heal wounds {unknown}
 x - a potion of cancellation {unknown}
 z - 2 potions of curing
 A - a potion of resistance {unknown}
 B - a potion of invisibility {unknown}


   Skills:
 + Level 6.1 Fighting
 + Level 4.7 Short Blades
 - Level 2.7 Ranged Weapons
 + Level 5.2 Dodging
 - Level 1.2 Spellcasting
 - Level 3.2 Hexes
 - Level 1.0 Fire Magic
 + Level 4.4 Shapeshifting


You had 9 spell levels left.
You didn't know any spells.
Your spell library contained the following spells:

 Spells                   Type           Power      Damage    Failure   Level
 Jinxbite                 Hex            18%        N/A       11%         2
 Ensorcelled Hibernation  Hex/Ice        10%        N/A       22%         2
 Sigil of Binding         Hex            9%         N/A       22%         3
 Freeze                   Ice            0%         1d3       28%         1
 Inner Flame              Hex/Fire       6%         N/A       34%         3
 Cause Fear               Hex            4%         N/A       56%         4
 Frozen Ramparts          Ice            0%         1d1       63%         3
 Fugue of the Fallen      Necr           0%         N/A       63%         3
 Hailstorm                Conj/Ice       0%         3d5       63%         3
 Anguish                  Hex/Necr       2%         N/A       80%         4
 Dimensional Bullseye     Hex/Tloc       2%         N/A       80%         4
 Sticky Flame             Fire/Alch      2%         2d4       92%         4
 Animate Dead             Necr           0%         N/A       95%         4
 Alistair's Intoxication  Alch           0%         N/A       100%        5
 Freezing Cloud           Conj/Ice/Air   0%         6-21      100%        5
 Haunt                    Necr/Summ      0%         N/A       100%        7
 Infestation              Necr           0%         N/A       100%        8


Dungeon Overview and Level Annotations

Branches:
Dungeon (7/15)             Temple (0/1) D:4         Ossuary (visited)

Altars:
Ru

Annotations:
D:2 Terence
D:6 1 runed translucent door, Crazy Yiuf
D:7 Menkaure


Innate Abilities, Weirdness & Mutations

You can breathe blasts of antimagic.
Your rich purple scales are hard. (AC +6)
You cannot fit into any form of body armour.
You are cold-blooded and may be slowed by cold attacks.


Message History

The sling bullet hits the wight.
The wight is lightly damaged.
A wight comes into view.
It is wielding a +3 falchion of freezing.
Menkaure hits you but does no damage.
You shoot a sling bullet. The sling bullet hits Menkaure.
Menkaure is heavily damaged.
Menkaure hits you. Menkaure barely misses you.
You shoot a sling bullet.
The sling bullet completely misses Menkaure.
The sling bullet hits the wight but does no damage.
Your surroundings suddenly seem different.
You start resting.
HP restored.
You start waiting.
Menkaure is nearby!
You shoot a sling bullet. The sling bullet hits Menkaure.
Menkaure is heavily damaged.
Menkaure calls on the powers of darkness!
Your body is wracked with pain!
You shoot a sling bullet.
The sling bullet barely misses Menkaure.
Menkaure mumbles some strange words.
Menkaure seems to speed up.
You shoot a sling bullet.
The sling bullet barely misses Menkaure.
You shoot a sling bullet. The sling bullet hits Menkaure.
Menkaure is heavily damaged.
Okay, then.
Unknown command.
As you read the scroll of teleportation, it crumbles to dust.
You feel strangely unstable.
You shoot a sling bullet. The sling bullet hits Menkaure.
Menkaure is heavily damaged.
Menkaure calls on the powers of darkness!
Your body is wracked with pain!
* * * LOW HITPOINT WARNING * * *
Menkaure hits you!
* * * LOW HITPOINT WARNING * * *
Menkaure attacks as he pursues you! Menkaure hits you!!
You die...

.......
.##. ##
z...# ...
#.# ....#
#..###..#
##...#
.z#....###
# .#
#z.......#
# #......#
# #.....#
# ###.M.##
# #...@.#
##
.....###.#
.#.. ...##
..# .....
.. .#.#
.....# .
.###
..#### .#
...# .#
..... .#
...#


You could see Menkaure (fast) and 2 wights.

Vanquished Creatures
  Jeremiah (D:6)
  A water moccasin (D:6)
  A centaur (D:6)
  3 phantoms (D:6)
  A jelly (D:4)
  An orc priest (D:5)
  5 hounds
  A bombardier beetle (D:5)
  6 mummies (Ossuary)
  7 iguanas
  2 sleepcaps
  A killer bee zombie (Ossuary)
  3 crocodile zombies (Ossuary)
  A hound zombie (Ossuary)
  2 howler monkey zombies (Ossuary)
  7 adders
  3 ribbon worms
  2 dart slugs
  7 orcs
  4 ball pythons
  10 bats
  5 endoplasms
  3 giant cockroaches
  2 hobgoblins
  4 quokkas
  2 ball python zombies (Ossuary)
  3 frilled lizards (D:1)
  10 goblins
  5 kobolds
  4 rats
107 creatures vanquished.

Vanquished Creatures (others)
  An orc priest (D:5)
  An orc wizard (D:5)
  2 orcs (D:5)
4 creatures vanquished.

Grand Total: 111 creatures vanquished

Notes
Turn   | Place    | Note
-------+----------+-------------------------------------------
     0 | D:1      | Jannitor the Draconian Hexslinger began the quest for the
                  | Orb.
     0 | D:1      | Reached XP level 1. HP: 16/16 MP: 2/2
    98 | D:1      | Reached XP level 2. HP: 23/23 MP: 3/3
   447 | D:1      | Reached skill level 2 in Fighting
   524 | D:1      | Reached XP level 3. HP: 20/29 MP: 4/4
   750 | D:1      | Found a faded altar of an unknown god.
  1052 | D:2      | Noticed Terence
  1289 | D:3      | Reached XP level 4. HP: 37/37 MP: 5/5
  2317 | D:4      | Reached skill level 3 in Fighting
  2317 | D:4      | Reached skill level 1 in Shapeshifting
  2490 | D:4      | Reached skill level 1 in Short Blades
  2490 | D:4      | Reached XP level 5. HP: 42/45 MP: 6/6
  2831 | D:4      | Found a staircase to the Ecumenical Temple.
  2912 | D:4      | Noticed a lemure
  2934 | D:5      | Entered Level 5 of the Dungeon
  3142 | D:5      | Became a worshipper of Beogh the Shepherd
  3386 | D:5      | HP: 2/45 [iguana (6)]
  3399 | D:5      | Reached XP level 6. HP: 5/51 MP: 7/7
  3814 | D:6      | Reached skill level 4 in Fighting
  3911 | D:6      | Noticed a water moccasin
  3916 | D:6      | Killed a water moccasin
  3917 | D:6      | Your scales start taking on a rich purple colour.
  3917 | D:6      | Reached XP level 7. HP: 57/60 MP: 8/8
  4234 | D:6      | Found a sand-covered staircase.
  4239 | Ossuary  | Entered an ossuary
  4461 | Ossuary  | Reached skill level 5 in Fighting
  5022 | D:6      | Noticed Jeremiah
  5100 | D:5      | Reached XP level 8. HP: 63/68 MP: 9/9
  5798 | D:5      | Reached * piety under Beogh
  6291 | D:6      | Got the Volume of Fulgurous Quintessence
  6298 | D:6      | Found a runed translucent door.
  6299 | D:6      | Noticed Crazy Yiuf
  6408 | D:6      | Killed Jeremiah
  6409 | D:6      | Reached skill level 5 in Dodging
  6446 | D:6      | Upgraded the game from 0.32-a0-672-gff75c0dad8 to
                  | 0.32-a0-683-ge26c5dbc97
  6614 | D:6      | Reached skill level 6 in Fighting
  6879 | D:7      | Found a sacrificial altar of Ru.
  6904 | D:7      | Noticed Menkaure
  7001 | D:7      | Mangled by Menkaure

Illustrated notes

Levels and vault maps discovered:
D:1:      eino_arrival_water_cross, layout_loops_cross,
          dilly_ecumenical_altar_fadedgnrine, minmay_surrounded
D:2:      layout_rooms, kennysheep_generic_room_3, uniq_terence
D:3:      layout_basic, grunt_decor_cap
D:4:      layout_gridville, lemuel_temple_firewalk_a, uniq_pikel
D:5:      layout_basic, minivault_27, grunt_decor_mini_mirrors
D:6:      layout_basic, enter_ossuary_5, uniq_crazy_yiuf_cottage, uniq_jeremiah
D:7:      layout_layer_cave, mainiacjoe_overflow_tiny_flanked,
          hangedman_abyss_or_decor_passed, minmay_misc_feat_doors, uniq_menkaure

Skill      XL: |  1  2  3  4  5  6  7  8 |
---------------+-------------------------+-----
Ranged Weapons | 2 |  2.7
Dodging        | 2 3 4 5 |  5.2
Fighting       | 2 3 4 5 6 |  6.1
Shapeshifting  | 1 2 3 4 |  4.4
Short Blades   | 1 2 3 4 |  4.7
Hexes          | 3 |  3.2
Spellcasting   | |  1.2
Fire Magic     | |  1.0

Action                     |  1- 3 |  4- 6 |  7- 9 || total
---------------------------+-------+-------+-------++-------
  Melee: Short sword       |       |    18 |       ||    18
         Tailslap          |       |     2 |       ||     2
   Fire: Sling             |   151 |   254 |   359 ||   764
 Invoke: Convert to Beogh  |       |     1 |       ||     1
Ability: Nullifying Breath |       |       |     3 ||     3
  Evoke: Wand              |       |     5 |     8 ||    13
    Use: Scroll            |     2 |     4 |     3 ||     9
         Potion            |       |     4 |       ||     4
   Stab: Sleeping          |       |     1 |       ||     1
 Armour: Skin              |    46 |   119 |   163 ||   328
  Dodge: Dodged            |    47 |   136 |   172 ||   355

Table legend: (Time is in decaauts)
 A = Elapsed time spent in this place.
 B = Non-inter-level travel time spent in this place.
 C = Inter-level travel time spent in this place.
 D = Time resting spent in this place.
 E = Time spent auto-exploring this place.
 F = Levels seen in this place.
 G = Mean time per level.
                   A        B        C        D        E       F      G
               +--------+--------+--------+--------+--------+-----+--------+
         Total |   7243 |   7017 |    226 |   1025 |   4186 |   8 |  905.4 |
       Dungeon |   6394 |   6168 |    226 |    722 |   3932 |   7 |  913.4 |
       Ossuary |    848 |    848 |      0 |    303 |    254 |   1 |  848.0 |
               +--------+--------+--------+--------+--------+-----+--------+

Top non-repeatable levels by time:
     D:5: 1823 daAuts
     D:6: 1314 daAuts
     D:3: 1051 daAuts
     D:1: 996 daAuts
 Ossuary: 848 daAuts
     D:4: 687 daAuts
     D:2: 266 daAuts
     D:7: 254 daAuts
